 Dungeon Crawl Stone Soup version 0.17.0-28-g6e173f8 (webtiles) character file.

7109 4thArraOfDagon the Cleaver (level 10, -5/93 HPs)
             Began as a Minotaur Berserker on Nov 25, 2015.
             Was a Priest of Trog.
             Slain by a death yak simulacrum (34 damage)
             ... in an ice cave.
             The game lasted 00:10:31 (1827 turns).

4thArraOfDagon the Cleaver (Minotaur Berserker)     Turns: 1827, Time: 00:10:31

Health: -5/93      AC: 18    Str: 21    XL:     10   Next: 85%
Magic:  11/11      EV:  7    Int:  7    God:    Trog [***...]
Gold:   178        SH:  0    Dex: 11    Spells: 0 memorised, 9 levels left

rFire  . . .     SeeInvis .     d - +3 hand axe
rCold  . . .     Clarity  .     e - +0 plate armour
rNeg   . . .     SustAt   .     (no shield)
rPois  .         Gourm    .     (helmet restricted)
rElec  .         Spirit   .     p - +1 cloak
rCorr  .         Warding  .     g - +0 pair of gloves
rMut   .         Stasis   .     (no boots)
MR     .....                    r - amulet of regeneration
Stlth  ..........               (no ring)
                                (no ring)

@: exhausted, slowed, very slow, not resistant to hostile enchantments,
extremely unstealthy
A: retaliatory headbutt, horns 2
a: Berserk, Trog's Hand, Burn Spellbooks, Renounce Religion


You were in an ice cave.
You worshipped Trog.
Trog was most pleased with you.
You were hungry.

You visited 2 branches of the dungeon, and saw 12 of its levels.
You also visited: Ossuary and Ice Cave.

You collected 178 gold pieces.

Inventory:

Hand Weapons
 a - a +0 hand axe
 d - a +3 hand axe (weapon)
 j - a cursed +0 war axe
Missiles
 F - a throwing net (quivered)
Armour
 e - a +0 plate armour (worn)
 g - a +0 pair of gloves (worn)
 p - a +1 cloak (worn)
Jewellery
 m - an uncursed amulet of rage
 r - an amulet of regeneration (around neck)
Wands
 n - a wand of fire (2)
 D - a wand of confusion (1)
Scrolls
 l - 2 scrolls of remove curse
 q - a scroll of noise {unknown}
 t - a scroll of teleportation {unknown}
 u - a scroll of holy word {unknown}
Potions
 f - a potion of lignification {unknown}
 k - a potion of might
 s - 3 potions of brilliance {unknown}
 v - a potion of poison {unknown}
 w - a potion of mutation {unknown}
 z - 3 potions of heal wounds
 B - a potion of agility {unknown}
 E - a potion of resistance
 G - a potion of cancellation
Books
 o - a book of Conjurations

   Spells                             Type                      Level
   a - Magic Dart                     Conjuration                  1
   b - Searing Ray                    Conjuration                  2
   c - Dazzling Spray                 Conjuration/Hexes            3
   d - Fulminant Prism                Conjuration/Hexes            4
   e - Iskenderun's Mystic Blast      Conjuration                  4
   f - Iskenderun's Battlesphere      Conjuration/Charms           5
   Trog disapproves of the use of such an item.
Comestibles
 b - a meat ration
 c - 2 bread rations
 h - 4 fruits
 A - 2 chunks of flesh
 C - a beef jerky


   Skills:
 - Level 10.0 Fighting
 * Level 14.0 Axes
 + Level 10.1 Armour
 - Level 2.1 Dodging
 + Level 2.7 Evocations


You had 9 spell levels left.
You didn't know any spells.

Dungeon Overview and Level Annotations

Branches:
Dungeon (11/15)              Lair (1/8) D:11
 Temple: D:4-7          Orc: D:9-12

Altars:
Kikubaaqudgha
Qazlal
Yredelemnul


Innate Abilities, Weirdness & Mutations

You reflexively headbutt those who attack you in melee.
You have a pair of horns on your head.


Message History

The wolf spider simulacrum freezes you!!
Unknown command.
You hit the wolf spider simulacrum.
You headbutt the wolf spider simulacrum, but do no damage.
You hit the death yak simulacrum.
The wolf spider simulacrum hits you but does no damage.
The wolf spider simulacrum bites you but does no damage.
The death yak simulacrum gores you but does no damage.
Unknown command.
Unknown command.
Unknown command.
You hit the death yak simulacrum but do no damage.
You headbutt the death yak simulacrum, but do no damage.
You hit the death yak simulacrum but do no damage.
You hit the wolf spider simulacrum.
The wolf spider simulacrum hits you but does no damage.
The wolf spider simulacrum bites you but does no damage.
The death yak simulacrum gores you but does no damage.
The death yak simulacrum gores you! The death yak simulacrum freezes you!!
You die...

#####
##...##
##..∩..##
#...@...#
#..ZZZ..#
##..Z..##
##...##
#...#
##...
#...#
...##
..##


You could see 2 death yak simulacra, a polar bear simulacrum and a wolf spider
simulacrum.

Vanquished Creatures
  2 hill giants
  The ghost of homeworkjunkie the Covert, a novice SpAs (Ossuary)
  Maurice (D:8)
  The ghost of ConnectionFaild the Archer, an amateur CeHu (D:3)
  A blink frog (D:11)
  5 yaks (D:9)
  A hungry ghost (D:11)
  A hippogriff (D:8)
  A water moccasin (Lair:1)
  A porcupine (D:11)
  2 orc warriors
  A necrophage (D:9)
  9 ice beasts
  4 ogres
  A sky beast (D:6)
  A phantom (D:9)
  2 giant frogs
  3 centaurs
  5 killer bees (D:10)
  A scorpion (D:7)
  9 wights (D:8)
  3 bog bodies (Ossuary)
  2 crimson imps
  4 orc priests
  6 giant frog zombies (Ossuary)
  3 centaur zombies
  2 hell rats (D:11)
  5 orc wizards
  A hound (D:9)
  3 worker ants
  An iguana (D:8)
  A killer bee zombie (Ossuary)
  3 hound zombies (Ossuary)
  7 mummies (Ossuary)
  4 worker ant zombies
  An adder (D:11)
  A river rat (D:11)
  A shadow imp (D:10)
  4 adder zombies (Ossuary)
  A worm (D:5)
  A giant gecko (D:4)
  27 orcs
  4 quokkas
  2 giant cockroach zombies (Ossuary)
  A giant gecko skeleton (D:6)
  A giant gecko zombie (Ossuary)
  A quokka zombie (Ossuary)
  4 rats
147 creatures vanquished.

Vanquished Creatures (others)
  A plant (Ossuary)
1 creature vanquished.

Grand Total: 148 creatures vanquished

Notes
Turn   | Place    | Note
--------------------------------------------------------------
     0 | D:1      | 4thArraOfDagon the Minotaur Berserker began the quest for the Orb.
     0 | D:1      | Reached XP level 1. HP: 19/19 MP: 0/0
    89 | D:3      | Noticed ConnectionFaild's ghost (amateur CeHu)
   100 | D:3      | Killed ConnectionFaild's ghost
   100 | D:3      | Reached skill level 4 in Fighting
   100 | D:3      | Reached skill level 5 in Axes
   100 | D:3      | Reached XP level 2. HP: 28/28 MP: 1/1
   100 | D:3      | Reached XP level 3. HP: 34/35 MP: 2/2
   100 | D:3      | Reached XP level 4. HP: 39/41 MP: 3/3
   100 | D:3      | Reached XP level 5. HP: 44/47 MP: 4/4
   130 | D:4      | Noticed an ogre
   155 | D:4      | Killed an ogre
   155 | D:4      | Reached skill level 5 in Fighting
   155 | D:4      | Reached skill level 6 in Axes
   155 | D:4      | Reached XP level 6. HP: 5/56 MP: 5/5
   212 | D:5      | Entered Level 5 of the Dungeon
   379 | D:6      | Reached skill level 7 in Axes
   387 | D:6      | Gained mutation: You are occasionally teleported to nearby monsters. [mutagenic meat]
   388 | D:6      | Gained mutation: You have sharp toenails. [mutagenic meat]
   389 | D:6      | Gained mutation: You are partially covered in slimy green scales (AC +2). [mutagenic meat]
   390 | D:6      | Gained mutation: You tend to lose your temper in combat. [mutagenic meat]
   392 | D:6      | Gained mutation: Your system is resistant to poisons. [mutagenic meat]
   429 | D:6      | Reached skill level 5 in Armour
   429 | D:6      | Reached XP level 7. HP: 48/62 MP: 6/6
   490 | D:7      | Reached skill level 8 in Axes
   514 | D:7      | Reached ** piety under Trog
   565 | D:7      | Found a basalt altar of Yredelemnul.
   574 | D:7      | Found an ancient bone altar of Kikubaaqudgha.
   580 | D:7      | Found a stormy altar of Qazlal.
   610 | D:7      | Reached XP level 8. HP: 49/71 MP: 7/7
   691 | D:8      | Reached skill level 9 in Axes
   721 | D:8      | Noticed Maurice
   730 | D:8      | Lost mutation: You tend to lose your temper in combat. [potion of cure mutation]
   730 | D:8      | Lost mutation: You are partially covered in slimy green scales (AC +2). [potion of cure mutation]
   730 | D:8      | Lost mutation: You are occasionally teleported to nearby monsters. [potion of cure mutation]
   730 | D:8      | Lost mutation: You have sharp toenails. [potion of cure mutation]
   730 | D:8      | Lost mutation: Your system is resistant to poisons. [potion of cure mutation]
   795 | D:8      | Reached skill level 10 in Axes
   863 | D:8      | Found a sand-covered staircase.
   898 | D:8      | Killed Maurice
   898 | D:8      | Reached XP level 9. HP: 63/81 MP: 8/8
   930 | Ossuary  | Entered an ossuary
   932 | Ossuary  | Noticed homeworkjunkie's ghost (novice SpAs)
   947 | Ossuary  | Reached skill level 11 in Axes
   977 | Ossuary  | Killed homeworkjunkie's ghost
  1230 | D:9      | Reached skill level 12 in Axes
  1238 | D:9      | Reached XP level 10. HP: 91/91 MP: 9/9
  1305 | D:10     | Entered Level 10 of the Dungeon
  1365 | D:10     | Noticed a hill giant
  1415 | D:10     | Killed a hill giant
  1415 | D:10     | Reached skill level 13 in Axes
  1529 | D:11     | Reached skill level 10 in Fighting
  1533 | D:11     | Reached *** piety under Trog
  1576 | D:11     | Noticed a hill giant
  1589 | D:11     | Killed a hill giant
  1589 | D:11     | Reached skill level 1 in Evocations
  1707 | D:11     | Found a staircase to the Lair.
  1753 | Lair:1   | Entered Level 1 of the Lair of Beasts
  1784 | Lair:1   | Found a frozen archway.
  1794 | Lair:1   | Reached skill level 10 in Armour
  1798 | Lair:1   | Reached skill level 14 in Axes
  1821 | IceCv    | Entered an ice cave
  1827 | IceCv    | Slain by a death yak simulacrum

Action                   |  1- 3 |  4- 6 |  7- 9 | 10-12 || total
-------------------------+-------+-------+-------+-------++-------
Melee: Hand axe          |    11 |    56 |   224 |   130 ||   421
Invok: Berserk           |     1 |     4 |     7 |     6 ||    18
       Trog's Hand       |       |       |     6 |     2 ||     8
Evoke: Wand              |       |       |       |     3 ||     3
  Use: Potion            |     1 |     1 |     4 |     1 ||     7
       Scroll            |       |     1 |     1 |     6 ||     8
  Eat: Chunk             |       |     8 |    11 |    11 ||    30
       Fruit             |       |       |     1 |       ||     1
